Map: Eternal Empire LE

Players

ghostdragon

  • Race: Terran Terran
  • League: Gold
  • Spawn Location: 7:00

antagomiR - Winner!

  • Race: Protoss Protoss
  • League: Gold
  • Spawn Location: 1:00

VOD

Have the link to the VOD?

Description

Time

  • Played on: April 15, 2020, 11:16 p.m.
  • Length: 18:36
Show
View Real Time Build Order
Export as new Build Order

ghostdragon Terran 

Build Orders:  

Get SALT Encoding   

  12  0:05  SCV  
  13  0:18  SCV  
  14  0:21  Supply Depot  
  14  0:36  SCV  
  15  0:48  SCV  
  15  0:49  Barracks  
  16  1:00  SCV  
  16  1:01  Refinery  
  17  1:12  SCV  
  18  1:24  SCV  
  19  1:36  SCV  
  20  1:48  SCV  
  20  1:52  Reaper  
  22  2:02  Orbital Command  
  22  2:07  Refinery  
  22  2:32  Marine  
  23  2:48  Factory  
  23  2:58  Marine  
  23  3:25  Supply Depot  
  23  3:26  Supply Depot x2  
  23  3:28  Supply Depot  
  23  3:40  Factory Tech Lab  
  23  3:43  Barracks Tech Lab  
  23  3:47  SCV  
  24  3:50  Supply Depot  
  24  3:59  SCV, Command Center  
  24  4:01  Siege Tank  
  28  4:04  Marine  
  29  4:11  SCV  
  30  4:22  Marine  
  30  4:23  SCV, Engineering Bay  
  32  4:33  Siege Tank  
  32  4:35  SCV  
  36  4:40  Marine  
  37  4:47  SCV  
  38  4:58  Marine  
  38  4:59  SCV  
  40  5:02  Supply Depot  
  40  5:13  Orbital Command  
  40  5:15  Marine  
  41  5:23  SCV  
  42  5:35  SCV, Starport, Siege Tank  
  46  5:44  Engineering Bay  
  46  5:48  SCV  
  47  5:51  SCV  
  48  6:00  SCV  
  48  6:03  SCV  
  50  6:04  Refinery  
  50  6:07  Refinery  
  50  6:12  Marauder  
  50  6:14  Stimpack  
  50  6:15  SCV  
  53  6:25  Terran Infantry Weapons Level 1, Terran Infantry Armor Level 1  
  53  6:26  Armory  
  53  6:27  SCV  
  54  6:34  Marauder  
  54  6:38  SCV  
  54  6:39  SCV  
  58  6:40  Starport Reactor  
  58  6:44  Widow Mine  
  60  6:50  SCV  
  61  6:55  Marauder  
  63  7:06  Widow Mine  
  65  7:27  Widow Mine  
  65  7:28  Viking  
  65  7:29  Viking  
  70  7:44  SCV  
  71  7:53  Terran Vehicle Weapons Level 1  
  71  7:54  Combat Shield  
  71  7:56  SCV, Command Center  
  72  7:58  Viking x2  
  76  8:08  SCV  
  77  8:20  SCV  
  78  8:28  Medivac x2  
  78  8:32  Marauder  
  84  8:54  Marauder  
  86  8:59  Supply Depot  
  86  9:00  Supply Depot  
  86  9:07  SCV, Medivac  
  89  9:12  Concussive Shells  
  89  9:15  Marauder  
  91  9:17  Factory  
  91  9:20  SCV  
  91  9:21  Supply Depot  
  91  9:23  Supply Depot  
  94  9:31  Widow Mine  
  94  9:32  SCV  
  95  9:38  Orbital Command  
  95  9:44  SCV  
  95  9:45  Supply Depot  
  96  9:46  Supply Depot  
  96  9:48  Terran Vehicle And Ship Armor Level 1  
  98  9:52  Widow Mine  
  98  9:56  SCV  
  99  10:08  Factory Tech Lab  
  99  10:09  Supply Depot  
  99  10:14  Widow Mine  
  101  10:19  Barracks  
  101  10:20  Barracks  
  101  10:22  Barracks  
  101  10:35  Widow Mine  
  103  10:36  Terran Infantry Armor Level 2, Terran Infantry Weapons Level 2  
  103  10:50  SCV  
  103  10:54  Refinery  
  104  10:57  Refinery  
  104  11:02  SCV  
  105  11:14  SCV  
  106  11:26  SCV  
  107  11:39  SCV  
  108  11:41  Terran Vehicle Weapons Level 2  
  108  11:43  Siege Tank x2  
  114  11:48  Barracks Reactor, Barracks Tech Lab  
  114  11:49  Barracks Reactor  
  114  11:51  SCV  
  115  12:03  SCV  
  116  12:15  Siege Tank x2  
  102  12:39  Marauder x2  
  102  12:40  Marine  
  102  12:41  Marine x3  
  110  12:47  Siege Tank  
  113  12:58  Marine x2  
  113  12:59  Marine x2  
  113  13:00  Marauder x2  
  121  13:07  Viking x2  
  125  13:16  Marine x4  
  129  13:22  Marauder x2  
  133  13:32  Thor x2  
  133  13:34  Marine x4  
  145  13:37  Viking x2  
  153  13:43  Marauder  
  153  13:45  Supply Depot  
  153  13:47  Supply Depot  
  155  13:57  Terran Vehicle And Ship Armor Level 2  
  155  14:02  Command Center  
  155  14:08  Supply Depot  
  155  14:09  Supply Depot  
  155  14:10  Terran Infantry Weapons Level 3, Terran Infantry Armor Level 3  
  155  14:15  Thor x2  
  167  14:24  Medivac  
  167  14:25  Medivac  
  171  14:31  Supply Depot  
  171  14:33  Supply Depot  
  162  14:54  Liberator x2  
  149  15:37  Liberator x2  
  126  16:05  Marauder x2  
  126  16:06  Marine x2  
  126  16:07  Marine x2  
  134  16:24  Marine x3  
  134  16:25  Marine  
  132  16:26  Marauder  
  132  16:27  Marauder  
  93  16:48  Marauder x2  
  92  16:57  Marine x4  
  91  17:09  Marauder x2  
  91  17:11  Siege Tank x2  
  91  17:14  Marine  
  91  17:15  Marine x3  
  103  17:18  Hi-Sec Auto Tracking  
  103  17:30  Marauder  
  103  17:31  Marauder, Liberator x2  
  103  17:32  Marine x3  
  103  17:33  Marine  
  117  17:43  Siege Tank x2  
  123  17:49  Command Center  
  123  17:50  Marine x4  
  127  17:52  Marauder x2, Refinery  
  127  17:56  Refinery  
  120  18:13  Marauder  
  120  18:14  Marauder  
Show
View Real Time Build Order
Export as new Build Order

antagomiR Protoss - Winner!

Build Orders:  

Get SALT Encoding   

  12  0:01  Probe  
  13  0:13  Probe  
  14  0:19  Pylon  
  14  0:25  Probe  
  15  0:40  Gateway  
  15  0:44  Probe  
  16  0:54  Assimilator  
  16  0:56  Probe  
  17  0:59  Assimilator  
  17  1:08  Probe  
  18  1:20  Probe  
  19  1:31  Cybernetics Core  
  20  1:32  Probe  
  20  1:45  Probe  
  21  1:55  Nexus  
  21  1:58  Probe  
  21  2:01  Warp Gate (Chrono Boost)  
  22  2:10  Probe  
  23  2:34  Pylon  
  23  2:52  Probe, Adept  
  26  3:04  Probe  
  26  3:16  Probe  
  25  3:45  Robotics Facility  
  25  3:48  Probe x2  
  27  4:00  Probe  
  27  4:01  Probe  
  29  4:05  Gateway  
  29  4:06  Gateway  
  29  4:08  Stalker  
  31  4:11  Pylon  
  31  4:12  Probe  
  32  4:23  Probe  
  33  4:25  Probe  
  33  4:30  Pylon  
  34  4:35  Probe, Observer  
  34  4:37  Probe  
  37  4:39  Sentry  
  39  4:47  Probe  
  39  4:49  Probe  
  41  4:56  Observer (Chrono Boost)  
  41  4:58  Pylon  
  41  4:59  Probe  
  43  5:01  Probe  
  43  5:05  Stalker x2  
  48  5:13  Immortal (Chrono Boost)  
  52  5:16  Probe x2  
  52  5:19  Sentry  
  56  5:28  Probe  
  57  5:31  Gateway  
  57  5:33  Gateway  
  57  5:44  Immortal (Chrono Boost)  
  57  5:47  Probe x2  
  63  5:52  Pylon  
  63  5:59  Probe  
  64  6:06  Probe, Robotics Bay  
  65  6:11  Probe  
  65  6:15  Pylon  
  65  6:17  Adept x2  
  65  6:18  Probe, Pylon, Observer  
  71  6:21  Immortal, Pylon  
  71  6:23  Probe  
  76  6:30  Probe  
  76  6:32  Assimilator  
  77  6:35  Probe, Assimilator  
  78  6:42  Probe  
  79  6:48  Probe  
  80  6:54  Probe  
  80  7:00  Probe  
  82  7:02  Stalker x2  
  82  7:03  Sentry x2  
  82  7:07  Immortal  
  94  7:29  Forge  
  94  7:42  Zealot x2  
  94  7:43  Zealot x2  
  102  8:03  Gateway  
  102  8:06  Gateway  
  102  8:07  Nexus  
  102  8:08  Protoss Ground Weapons Level 1 (Chrono Boost)  
  102  8:09  Pylon, Gateway  
  102  8:11  Pylon  
  102  8:12  Gateway  
  102  8:14  Extended Thermal Lance  
  102  8:21  Gateway  
  102  8:27  Probe x2, Immortal  
  102  8:31  Phoenix  
  108  8:35  Photon Cannon  
  108  8:37  Photon Cannon  
  108  8:39  Photon Cannon  
  108  8:44  Photon Cannon  
  108  8:47  Photon Cannon  
  108  8:54  Photon Cannon  
  108  9:03  Phoenix, Zealot x2  
  108  9:04  Zealot x2  
  116  9:12  Probe x2  
  116  9:16  Twilight Council  
  118  9:18  Colossus  
  124  9:38  Probe x2  
  126  9:44  Shield Battery  
  126  9:48  Photon Cannon  
  126  9:50  Probe, Photon Cannon  
  126  9:52  Probe x2  
  129  9:54  Photon Cannon  
  129  10:00  Protoss Ground Weapons Level 2 (Chrono Boost)  
  129  10:02  Probe  
  129  10:04  Probe x2  
  132  10:12  Observer  
  132  10:14  Templar Archives  
  133  10:15  Charge (Chrono Boost)  
  133  10:31  Pylon  
  133  10:33  Pylon  
  133  10:36  Pylon  
  133  10:38  Pylon  
  133  10:40  Gateway  
  133  10:41  Pylon, Gateway  
  133  10:48  Colossus  
  133  10:49  Probe x2  
  141  10:50  Gateway  
  141  10:57  Zealot x4  
  141  10:58  Zealot  
  141  10:59  High Templar x2  
  141  11:03  Archon  
  155  11:31  High Templar x2  
  159  11:37  Assimilator, Psionic Storm  
  159  11:41  Assimilator  
  159  11:43  Observer  
  159  11:44  Archon  
  160  12:04  Immortal  
  152  12:51  Nexus  
  152  12:53  Pylon  
  152  12:55  Zealot x2  
  152  12:56  Pylon, Zealot x5  
  152  12:57  Zealot  
  152  12:58  High Templar x2  
  172  13:11  Immortal  
  176  13:16  Photon Cannon  
  176  13:17  Photon Cannon  
  176  13:20  Photon Cannon  
  176  13:24  Assimilator  
  176  13:28  Assimilator  
  176  13:32  High Templar x3  
  176  13:33  High Templar  
  184  13:35  Zealot x2  
  188  13:43  Pylon  
  188  13:45  Pylon  
  188  13:54  Archon  
  188  14:01  Immortal  
  192  14:19  High Templar x3  
  192  14:20  High Templar  
  200  14:24  Archon  
  200  14:25  Archon  
  200  14:36  Protoss Ground Weapons Level 3 (Chrono Boost)  
  148  15:15  High Templar x3  
  148  15:18  Immortal  
  158  15:22  Zealot x3  
  158  15:23  Zealot x4  
  158  15:24  Zealot x2  
  154  15:55  Zealot x4  
  154  15:56  Zealot x3  
  168  16:02  High Templar x3  
  174  16:12  Archon  
  138  16:44  High Templar  
  138  16:45  High Templar  
  138  16:46  Stalker  
  140  16:48  Zealot  
  140  16:49  Zealot x3  
  140  16:50  Zealot x4  
  152  16:57  Archon x3  
  152  16:58  Archon  
  152  17:06  Pylon  
  152  17:13  Archon  
  152  17:23  Pylon  
  152  17:33  Probe x3  
  155  17:45  Probe x3, High Templar x2  
  155  17:46  High Templar  
  155  17:47  Zealot x3, Nexus  
  155  17:48  Zealot x4  
  155  17:49  Zealot x2  
  155  17:51  Unknown  
  182  17:53  Pylon  
  182  17:56  Pylon  
  182  17:57  Probe x2  
Tags
 
League
GoldGold
Matchup
PvT
Replay Pack
20200422
Spawn Locations
Cross Positions
Add a new tag
Caveats
  • Supply blocks, unpowered buildings, or Contaminate may cause inaccurate times.
  • Supply counts are checked every 10 seconds.